 Dungeon Crawl Stone Soup version 0.32-a0-13-gbaedc5810e (webtiles) character file.

Game seed: 5126383271476941908

388 Bnni the Apothecary (level 6, -3/42 HPs)
             Began as an Octopode Alchemist on Jan 15, 2024.
             Slain by a phantom (5 damage)
             ... on level 4 of the Dungeon.
             The game lasted 00:06:10 (3899 turns).

Bnni the Apothecary (Octopode Alchemist)            Turns: 3899, Time: 00:06:11

Health: -3/42      AC:  1    Str:  7    XL:     6   Next: 79%
Magic:  2/11       EV: 13    Int: 20    God:
Gold:   179        SH:  0    Dex: 12    Spells: 5/12 levels left

rFire   . . .        u - +2 dagger (venom)
rCold   + . .        (no shield)
rNeg    . . .        (helmet restricted)
rPois   .            (no amulet)
rElec   .            q - ring of protection from cold
rCorr   .            s - ring of wizardry
SInv    .            (no ring)
Will    .....        (no ring)
Stlth   +++          (no ring)
HPRegen 0.27/turn    (no ring)
MPRegen 0.12/turn    (no ring)
                     (no ring)

%: wizardry (x1)
@: brilliant
A: almost no armour, amphibious, 8 rings, camouflage 1, gelatinous body 1,
(nimble swimmer 1), tentacles
a: no special abilities


You were on level 4 of the Dungeon.
You visited 1 branch of the dungeon, and saw 4 of its levels.

You collected 179 gold pieces.

Inventory:

Hand Weapons
 u - a +2 dagger of venom (weapon)
Magical Staves
 g - a staff of alchemy
Jewellery
 q - a ring of protection from cold (left tentacle)
 s - a ring of wizardry (right tentacle)
Wands
 m - a wand of flame (2)
Scrolls
 c - a scroll of butterflies {unknown}
 d - 4 scrolls of immolation {unknown}
 h - 3 scrolls of teleportation {unknown}
 j - a scroll of vulnerability {unknown}
 k - a scroll of fear {unknown}
 n - 2 scrolls of blinking {unknown}
 o - 6 scrolls of identify {unknown}
Potions
 a - a potion of magic
 b - a potion of ambrosia {unknown}
 e - a potion of mutation {unknown}
 i - a potion of might {unknown}
 l - a potion of curing {unknown}
 p - a potion of berserk rage {unknown}
 r - a potion of lignification {unknown}
 t - a potion of degeneration {unknown}
 v - a potion of enlightenment {unknown}


   Skills:
 + Level 3.0 Fighting
 - Level 2.0 Dodging
 - Level 2.6 Stealth
 + Level 3.5 Spellcasting
 - Level 1.0 Conjurations
 * Level 6.2 Alchemy


You had 5 spell levels left.
You knew the following spells:

 Your Spells              Type           Power      Damage    Failure   Level
a - Sting                 Conj/Alch      100%       1d9       1%          1
b - Mercury Vapours       Alch/Air       48%        N/A       2%          2
d - Olgreb's Toxic Radia  Alch           42%        N/A       4%          4

Your spell library contained the following spells:

 Spells                   Type           Power      Damage    Failure   Level
 Mephitic Cloud           Conj/Alch/Air  19%        N/A       6%          3
 Momentum Strike          Conj/Tloc      16%        3d8       7%          2
 Blink                    Tloc           10%        N/A       9%          2
 Lesser Beckoning         Tloc           10%        N/A       9%          2
 Scorch                   Fire           10%        2d5       9%          2
 Sticky Flame             Fire/Alch      24%        2d6       16%         4
 Flame Wave               Conj/Fire      8%         2d5       38%         4
 Summon Cactus Giant      Summ           2%         N/A       100%        6


Dungeon Overview and Level Annotations

Branches:
Dungeon (4/15)
 Temple: D:4-7

Altars:
Cheibriados

Annotations:
D:4 1 transporter, Morbidden's ghost, amateur FoHu


Innate Abilities, Weirdness & Mutations

You cannot wear most types of armour.
You are amphibious.
You can wear up to eight rings at the same time.
Your skin changes colour to match your surroundings (Stealth+).
Your rubbery body absorbs attacks. (AC +1, EV +1)
((You are camouflaged when in or above water. (Stealth+)))
You have tentacles for arms and can constrict up to eight enemies at once.


Message History

The phantom is moderately damaged.
The phantom hits you.
* * * LOW HITPOINT WARNING * * *
Sorry, you're not good enough to have a special ability.
Unknown command.
Okay, then.
Casting: Sting (safe; 1% risk of failure)
Confirm with . or Enter, or press ? or * to list all spells.
You begin to radiate toxic energy.
The phantom hits you.
* * * LOW HITPOINT WARNING * * *
The phantom blinks!
You blink.
Unknown command.
You hit the phantom but do no damage.
The phantom is moderately damaged.
The phantom hits you.
* * * LOW HITPOINT WARNING * * *
Unknown command.
You hit the phantom. Your squeeze misses the phantom.
The phantom is heavily damaged.
Your toxic aura wanes.
The phantom misses you.
Unknown command.
You miss the phantom.
The phantom is heavily damaged.
The phantom barely misses you.
Unknown command.
You closely miss the phantom.
The phantom is heavily damaged.
The phantom misses you.
Unknown command.
Casting: Olgreb's Toxic Radiance (dangerous; 4% risk of failure)
Confirm with . or Enter, or press ? or * to list all spells.
You begin to radiate toxic energy.
The phantom hits you.
* * * LOW HITPOINT WARNING * * *
The phantom blinks!
You blink.
Unknown command.
It was a potion of brilliance.
You feel clever all of a sudden.
Your toxic aura wanes.
The phantom hits you.
You die...

.....## #.##...#.# #####.##.###.
......## #.###....###............
.......###.# ##.....#§###.##...J.
...........# ##.#.J§.# #.# ....
........########.#..#####.#......
.......######..........##.#....#.
.....†..................J........
.......######.##W#####.##........
.......# ##.##@# #.##.##.....
.......#####..##.# #....# .....
.......##....###.# #..#.# ....
.......##.#### #.# #..#.# ...
......###.# #.# #.##.# ...
.....####.### #.# #.##.#
#####....)..# #.# #.# #...)...#
#.# ..# #..).)).####.## .##


You could see a phantom and an endoplasm.

Vanquished Creatures
  An orc warrior (D:4)
  A howler monkey (D:4)
  A bombardier beetle (D:3)
  Natasha (twice) (D:3)
  An orc wizard (D:4)
  6 adders
  2 ribbon worms
  5 orcs (D:4)
  5 ball pythons
  5 endoplasms
  6 giant cockroaches
  14 goblins
  8 hobgoblins
  4 jackals (D:2)
  5 quokkas
  3 bats
  2 frilled lizards (D:1)
  3 kobolds (D:1)
  8 rats
82 creatures vanquished.

Notes
Turn   | Place    | Note
-------+----------+-------------------------------------------
     0 | D:1      | Bnni the Octopode Alchemist began the quest for the Orb.
     0 | D:1      | Reached XP level 1. HP: 11/11 MP: 3/3
   150 | D:1      | Found a faded altar of an unknown god.
   160 | D:1      | Reached XP level 2. HP: 13/18 MP: 3/5
   587 | D:1      | Reached skill level 1 in Fighting
   639 | D:1      | Learned a level 2 spell: Mercury Vapours
  1022 | D:1      | Reached skill level 4 in Alchemy
  1022 | D:1      | Reached XP level 3. HP: 15/23 MP: 4/6
  1612 | D:2      | Found a snail-covered altar of Cheibriados.
  1972 | D:2      | Reached XP level 4. HP: 25/28 MP: 3/7
  2045 | D:2      | Learned a level 4 spell: Olgreb's Toxic Radiance
  2834 | D:3      | Noticed Natasha
  2840 | D:3      | Killed Natasha
  2947 | D:3      | Reached skill level 5 in Alchemy
  2947 | D:3      | Reached XP level 5. HP: 34/34 MP: 4/9
  3161 | D:3      | Noticed Natasha
  3171 | D:3      | Killed Natasha
  3477 | D:4      | Noticed an orc warrior
  3495 | D:4      | Killed an orc warrior
  3496 | D:4      | Reached skill level 6 in Alchemy
  3496 | D:4      | Reached XP level 6. HP: 28/41 MP: 1/11
  3790 | D:4      | Noticed Morbidden's ghost (amateur FoHu)
  3792 | D:4      | Found a transporter.
  3794 | D:4      | Identified the +4 great mace of Yskabbomio {flame, *Slow
                  | rN++ Dex+3 SInv}
  3898 | D:4      | HP: 2/42 [phantom (5)]
  3899 | D:4      | Slain by a phantom

Illustrated notes

Levels and vault maps discovered:
D:1:      lemuel_arrival_tunnels, layout_basic, ebering_ecumenical_altar_hall
D:2:      layout_loops_cross, basic_altar, minmay_goblin_outpost
D:3:      layout_basic, uniq_natasha
D:4:      layout_rooms, gammafunk_ghost_smash

Skill      XL: |  1  2  3  4  5  6 |
---------------+-------------------+-----
Fighting       | 1 2 3 |  3.0
Alchemy        | 4 5 6 |  6.2
Spellcasting   | 3 |  3.5
Dodging        | |  2.0
Stealth        | |  2.6
Conjurations   | |  1.0

Action                     |  1- 3 |  4- 6 || total
---------------------------+-------+-------++-------
  Melee: Dagger            |    23 |     8 ||    31
         Constrict         |    12 |     6 ||    18
         Staff             |    25 |    26 ||    51
         Tentacles         |     6 |     9 ||    15
   Cast: Sting             |    52 |    53 ||   105
         Olgreb's Toxic Ra |       |     7 ||     7
         Mercury Vapours   |       |     2 ||     2
    Use: Potion            |       |     1 ||     1
   Stab: Sleeping          |     1 |       ||     1
 Armour: Skin              |    33 |    33 ||    66
  Dodge: Dodged            |    30 |    31 ||    61

Table legend: (Time is in decaauts)
 A = Elapsed time spent in this place.
 B = Non-inter-level travel time spent in this place.
 C = Inter-level travel time spent in this place.
 D = Time resting spent in this place.
 E = Time spent auto-exploring this place.
 F = Levels seen in this place.
 G = Mean time per level.
                   A        B        C        D        E       F      G
               +--------+--------+--------+--------+--------+-----+--------+
         Total |   3906 |   3799 |    107 |     64 |   3207 |   4 |  976.5 |
       Dungeon |   3906 |   3799 |    107 |     64 |   3207 |   4 |  976.5 |
               +--------+--------+--------+--------+--------+-----+--------+

Top non-repeatable levels by time:
     D:1: 1212 daAuts
     D:2: 1150 daAuts
     D:3: 1015 daAuts
     D:4: 528 daAuts
